 Dungeon Crawl Stone Soup version 0.30.0-13-g156ef70053 (webtiles) character file.

Game seed: 15861682191815532271

35 monsoonserge the Vexing (level 3, -7/28 HPs)
             Began as a Meteoran Hexslinger on May 17, 2023.
             Killed from afar by Ijyb (13 damage)
             ... with a bolt of dispelling energy
             ... on level 3 of the Dungeon.
             The game lasted 00:05:02 (513 turns).

monsoonserge the Vexing (Meteoran Hexslinger)        Turns: 513, Time: 00:05:02

Health: -7/28      AC:  7    Str: 11    XL:     3   Next: 76%
Magic:  6/6        EV: 12    Int: 14    God:
Gold:   71         SH:  0    Dex: 17    Spells: 3/4 levels left

rFire   . . .        a - +1 sling
rCold   . . .        (no shield)
rNeg    . . .        n - +0 leather armour
rPois   .            k - +2 helmet
rElec   .            l - +0 cloak
rCorr   .            (no gloves)
SInv    .            (no boots)
Will    +....        (no amulet)
Stlth   +            p - ring of willpower
HPRegen 0.24/turn    (no ring)
MPRegen 0.10/turn

%: no passive effects
@: glowing
A: sense surroundings 1, otherworldly, glowing, explore regen
a: no special abilities


You were on level 3 of the Dungeon.
You visited 1 branch of the dungeon, and saw 3 of its levels.

You collected 71 gold pieces.

Inventory:

Hand Weapons
 a - a +1 sling (weapon)
Armour
 c - a +0 robe
 f - a +0 helmet
 k - a +2 helmet (worn)
 l - a +0 cloak (worn)
 n - a +0 leather armour (worn)
Jewellery
 p - a ring of willpower (left hand)
Wands
 u - a wand of mindburst (20)
Scrolls
 b - a scroll of poison
 e - a scroll of blinking {unknown}
 i - 2 scrolls of identify {unknown}
 m - a scroll of amnesia {unknown}
 q - a scroll of magic mapping {unknown}
 r - a scroll of teleportation {unknown}
Potions
 d - a potion of brilliance {unknown}
 g - 2 potions of curing {unknown}
 h - a potion of ambrosia {unknown}
 j - 2 potions of haste {unknown}
 o - a potion of resistance {unknown}
 s - a potion of cancellation {unknown}
 t - a potion of lignification {unknown}


   Skills:
 + Level 1.1 Fighting
 + Level 3.0 Ranged Weapons
 + Level 2.9 Dodging
 + Level 1.4 Spellcasting
 + Level 4.2 Hexes
 * Level 0.2 Evocations


You had 3 spell levels left.
You knew the following spells:

 Your Spells              Type           Power      Damage    Failure   Level
a - Slow                  Hex            48%        N/A       6%          1

Your spell library contained the following spells:

 Spells                   Type           Power      Damage    Failure   Level
 Inner Flame              Hex/Fire       6%         N/A       38%         3
 Portal Projectile        Hex/Tloc       12%        N/A       38%         3
 Cause Fear               Hex            6%         N/A       50%         4


Dungeon Overview and Level Annotations

Branches:
Dungeon (3/15) Zot: 1261

Altars:

Shops:
D:1 !

Annotations:
D:2 Sigmund
D:3 Ijyb


Innate Abilities, Weirdness & Mutations

You passively map a small area around you.
You are easily found by Zot.
You glow in the dark.
You regain HP and MP as you explore.


Message History

Okay, then.
Okay, then.
Casting: Slow (safe; 6% risk of failure)
Confirm with . or Enter, or press ? or * to list all spells.
Okay, then.
Fire: a) +1 sling
Press: ? - help, Q - select action, (/) - cycle Shift-Dir - straight line, f/p - Ijyb
Aim: Ijyb, wielding a +0 dagger, wearing a +0 leather armour of willpower and carrying a wand of quicksilver (11) (lightly wounded, slow, 51% to hit)
You shoot a sling bullet. The sling bullet closely misses Ijyb.
Fire: a) +1 sling
Press: ? - help, Q - select action, (/) - cycle Shift-Dir - straight line, f/p - Ijyb
Aim: Ijyb, wielding a +0 dagger, wearing a +0 leather armour of willpower and carrying a wand of quicksilver (11) (lightly wounded, slow, 51% to hit)
You shoot a sling bullet. The sling bullet barely misses Ijyb.
You shoot a sling bullet.
The sling bullet completely misses Ijyb.
Ijyb hits you but does no damage.
You shoot a sling bullet. The sling bullet hits Ijyb.
Ijyb is lightly wounded.
Ijyb hits you but does no damage.
You shoot a sling bullet. The sling bullet barely misses Ijyb.
You shoot a sling bullet. The sling bullet barely misses Ijyb.
Ijyb is no longer moving slowly.
Ijyb barely misses you.
You shoot a sling bullet. The sling bullet barely misses Ijyb.
Ijyb screams, "Me kill you!" Ijyb hits you but does no damage.
Ijyb closely misses you.
You shoot a sling bullet. The sling bullet hits Ijyb.
Ijyb is lightly wounded.
Ijyb hits you with a +0 dagger.
You shoot a sling bullet.
The sling bullet hits Ijyb but does no damage.
Ijyb is lightly wounded.
Ijyb hits you but does no damage.
You shoot a sling bullet. The sling bullet closely misses Ijyb.
Ijyb hits you but does no damage.
You shoot a sling bullet. The sling bullet hits Ijyb.
Ijyb is moderately wounded.
Ijyb zaps a wand.
The bolt of dispelling energy hits you.
* * * LOW HITPOINT WARNING * * *
Ijyb zaps a wand.
The bolt of dispelling energy hits you!
You die...

##############
#.............
#.###.........
#.# #.########
#.# #.# # #.#
#.# # #.# #.#
#
...########.#
#.#* * * #
......g@....#
#.. , .
...##########
#. . * *,* *,,
* , , <* , , ,


You could see Ijyb.

Vanquished Creatures
  An adder (D:1)
  2 ball pythons (D:1)
  4 endoplasms
  A goblin (D:1)
  3 hobgoblins
  A quokka (D:1)
  3 bats
  2 frilled lizards
  4 kobolds
  3 rats
24 creatures vanquished.

Notes
Turn   | Place    | Note
-------+----------+-------------------------------------------
     0 | D:1      | monsoonserge the Meteoran Hexslinger began the quest for
                  | the Orb.
     0 | D:1      | Reached XP level 1. HP: 16/16 MP: 3/3
    70 | D:1      | Reached XP level 2. HP: 11/23 MP: 5/5
   144 | D:1      | Found Ulosoc's Distillery.
   197 | D:2      | Reached skill level 4 in Hexes
   208 | D:2      | Noticed Sigmund
   227 | D:1      | Reached XP level 3. HP: 15/28 MP: 2/6
   497 | D:3      | Noticed Ijyb
   513 | D:3      | Killed from afar by Ijyb

Illustrated notes

Levels and vault maps discovered:
D:1:      dpeg_arrival_round_c, layout_rooms, serial_shops,
          nicolae_lakefront_shop, st_stairs_12, hex_tiny
D:2:      layout_rooms, uniq_robin, uniq_sigmund
D:3:      layout_loops_ring, shapermc_ecumenical_altar_rom_forum,
          uniq_crazy_yiuf_cottage, uniq_pargi, uniq_ijyb

Skill      XL: |  1  2  3 |
---------------+----------+-----
Hexes          | 4 |  4.2
Ranged Weapons | 3 |  3.0
Fighting       | |  1.1
Dodging        | |  2.9
Spellcasting   | |  1.4
Evocations     | |  0.2

Action                     || total
---------------------------++-------
   Fire: Sling             ||    87
   Cast: Slow              ||     8
 Armour: Robe              ||    22
         Leather armour    ||    21
  Dodge: Dodged            ||    49
